 Dungeon Crawl Stone Soup version 0.31.0-11-ge490571c62 (webtiles) character file.

Game seed: 7415945483679242891

50 PriceMaster the Firebug (level 3, -3/21 HPs)
             Began as an Octopode Fire Elementalist on Feb 6, 2024.
             Slain by an orc
             ... wielding a +0 dagger
              (4 damage)
             ... on level 3 of the Dungeon.
             The game lasted 00:03:37 (1934 turns).

PriceMaster the Firebug (OpFE)                      Turns: 1934, Time: 00:03:37

Health: -3/21      AC:  1    Str:  7    XL:     3   Next: 79%
Magic:  0/6        EV: 13    Int: 19    God:
Gold:   210        SH:  0    Dex: 12    Spells: 0/6 levels left

rFire   . . .        d - +0 dagger
rCold   . . .        (no shield)
rNeg    . . .        (helmet restricted)
rPois   .            (no amulet)
rElec   .            (no ring)
rCorr   .            (no ring)
SInv    .            (no ring)
Will    ++...        (no ring)
Stlth   +++          (no ring)
HPRegen 0.23/turn    (no ring)
MPRegen 0.10/turn    (no ring)
                     (no ring)

%: no passive effects
@: brilliant, enlightened, flying
A: almost no armour, amphibious, 8 rings, camouflage 1, gelatinous body 1,
(nimble swimmer 1), tentacles, strong-willed 1, devolution 1
a: no special abilities


You were on level 3 of the Dungeon.
You visited 1 branch of the dungeon, and saw 3 of its levels.

You collected 210 gold pieces.

Inventory:

Hand Weapons
 d - a +0 dagger (weapon)
Scrolls
 f - a scroll of identify
 i - a scroll of blinking
Potions
 b - a potion of curing
 g - a potion of heal wounds


   Skills:
 + Level 0.1 Fighting
 + Level 2.0 Dodging
 + Level 3.0 Stealth
 + Level 0.4 Unarmed Combat
 + Level 2.2 Spellcasting
 + Level 1.2 Conjurations
 * Level 4.1 Fire Magic


You couldn't memorise any spells.
You knew the following spells:

 Your Spells              Type           Power      Damage    Failure   Level
a - Foxfire               Conj/Fire      72%        2x1d7     5%          1
b - Scorch                Fire           52%        2d7       4%          2
c - Inner Flame           Hex/Fire       14%        N/A       22%         3

Your spell library contained the following spells:

 Spells                   Type           Power      Damage    Failure   Level
 Volatile Blastmotes      Fire/Tloc      28%        2d12      22%         3
 Fugue of the Fallen      Necr           3%         N/A       45%         3
 Gell's Gravitas          Tloc           3%         N/A       45%         3
 Ozocubu's Armour         Ice            3%         N/A       45%         3
 Flame Wave               Conj/Fire      18%        2d7       47%         4
 Dimensional Bullseye     Hex/Tloc       1%         N/A       86%         4
 Manifold Assault         Tloc           3%         N/A       86%         4
 Summon Forest            Summ/Tloc      1%         N/A       99%         5


Dungeon Overview and Level Annotations

Branches:
Dungeon (3/15)

Altars:

Shops:
D:2 [


Innate Abilities, Weirdness & Mutations

You cannot wear most types of armour.
You are amphibious.
You can wear up to eight rings at the same time.
Your skin changes colour to match your surroundings (Stealth+).
Your rubbery body absorbs attacks. (AC +1, EV +1)
((You are camouflaged when in or above water. (Stealth+)))
You have tentacles for arms and can constrict up to eight enemies at once.
You are strong-willed. (Will+)
You have hidden genetic defects.


Message History

You feel very buoyant.
You fly up into the air.
The orc closely misses you.
It was a potion of mutation.
You feel extremely strange.
You feel a hidden potential growing inside you.
You feel insulated. The orc hits you with a +0 club.
You feel extremely strange.
You feel conductive.
You no longer feel a hidden potential within.
You feel a hidden malignance growing inside you.
You feel strong-willed. The orc misses you.
The orc priest begins to cast a cantrip, but forgets the words!
It was a potion of heal wounds.
You feel much better. The orc closely misses you.
It was a potion of brilliance.
You feel clever all of a sudden. The orc hits you with a +0 club.
Casting: Foxfire (safe; 5% risk of failure)
Confirm with . or Enter, or press ? or * to list all spells.
You feel a surge of power!
Flames lash the orc but do no damage.
The orc closely misses you.
Unknown command.
Casting: Scorch (safe; 4% risk of failure)
Confirm with . or Enter, or press ? or * to list all spells.
You don't have enough magic to cast this spell.
You hit the orc.
You kill the orc!
You hit the orc but do no damage. Your grab misses the orc.
The orc hits you with a +0 dagger.
The orc priest invokes the aid of Beogh against you.
Beogh smites you!
Ouch! That really hurt!
* * * LOW HITPOINT WARNING * * *
Unknown command.
As you read the scroll labelled GUOKKU CYRUUCS, it crumbles to dust.
It is a scroll of identify.
i - a scroll of blinking The orc hits you with a +0 dagger.
You die...

.....###....#
#.#
...oo....)..#
#.#
.....##.[...#
#.# !..
#.....# #. .
##....#
#.oo.# #ooo.#
##o### #@#
#.# #.# #.#
###


You could see an orc priest and 5 orcs.

Vanquished Creatures
  3 dart slugs
  3 orcs (D:3)
  A bat (D:1)
  6 endoplasms
  2 giant cockroaches (D:1)
  2 goblins (D:1)
  A hobgoblin (D:1)
  2 jackals (D:1)
  A quokka (D:1)
  2 ball pythons
  5 frilled lizards
  6 kobolds
  8 rats
42 creatures vanquished.

Vanquished Creatures (others)
  73 foxfires
73 creatures vanquished.

Grand Total: 115 creatures vanquished

Notes
Turn   | Place    | Note
-------+----------+-------------------------------------------
     0 | D:1      | PriceMaster the Octopode Fire Elementalist began the quest
                  | for the Orb.
     0 | D:1      | Reached XP level 1. HP: 11/11 MP: 3/3
   249 | D:1      | Reached XP level 2. HP: 8/17 MP: 1/5
   561 | D:1      | Reached XP level 3. HP: 21/21 MP: 3/6
   596 | D:1      | Learned a level 2 spell: Scorch
   600 | D:1      | Learned a level 3 spell: Inner Flame
   610 | D:1      | Got Sif Muna's Vademecum on the Excursion
   775 | D:1      | Reached skill level 4 in Fire Magic
  1449 | D:2      | Found Alos's Armour Shop.
  1927 | D:3      | Gained mutation: You have hidden genetic potential. [potion
                  | of mutation]
  1927 | D:3      | Gained mutation: You are resistant to electric shocks.
                  | (rElec) [potion of mutation]
  1928 | D:3      | Lost mutation: You are resistant to electric shocks.
                  | (rElec) [potion of mutation]
  1928 | D:3      | Lost mutation: You have hidden genetic potential. [potion
                  | of mutation]
  1928 | D:3      | Gained mutation: You have hidden genetic defects. [potion
                  | of mutation]
  1928 | D:3      | Gained mutation: You are strong-willed. (Will+) [potion of
                  | mutation]
  1933 | D:3      | HP: 1/21 [orc priest/divine providence (13)]
  1934 | D:3      | Slain by an orc

Illustrated notes

Levels and vault maps discovered:
D:1:      amcnicky_arrival_single_pillar, layout_loops_ring,
          grunt_decor_arrowhead, st_stairs_4
D:2:      layout_loops_cross, serial_shops, shop, chequers_mini_garden
D:3:      layout_basic, elyvilon_altar_1, mainiacjoe_overflow_brackets,
          serial_shops, nicolae_shop_real_fake_doors, uniq_crazy_yiuf_cottage,
          uniq_grinder, uniq_ijyb

Skill      XL: |  1  2  3 |
---------------+----------+-----
Fire Magic     | 4 |  4.1
Stealth        | 3 |  3.0
Fighting       | |  0.1
Dodging        | |  2.0
Unarmed Combat | |  0.4
Spellcasting   | |  2.2
Conjurations   | |  1.2

Action                     || total
---------------------------++-------
  Melee: Unarmed           ||    12
         Tentacles         ||    12
         Constrict         ||    10
         Dagger            ||    28
   Cast: Foxfire           ||    53
         Scorch            ||     3
         Inner Flame       ||     1
    Use: Potion            ||     8
         Scroll            ||     1
   Stab: Sleeping          ||     6
 Armour: Skin              ||    30
  Dodge: Dodged            ||    30
